 Dungeon Crawl Stone Soup version 0.30.0-5-g1a98f26d00 (webtiles) character file.

Game seed: 13673729594444981792

149 jlumianski the Trooper (level 5, 0/42 HPs)
             Began as a Demonspawn Fighter on May 12, 2023.
             Succumbed to a kobold's poison
             ... on level 4 of the Dungeon.
             The game lasted 00:07:56 (1794 turns).

jlumianski the Trooper (Demonspawn Fighter)         Turns: 1794, Time: 00:07:56

Health: 0/42       AC:  6    Str: 19    XL:     5   Next: 9%
Magic:  5/5        EV:  9    Int:  9    God:
Gold:   64         SH:  5    Dex: 14    Spells: 4/4 levels left

rFire   . . .        a - +0 war axe
rCold   . . .        c - +0 buckler
rNeg    . . .        b - +0 scale mail
rPois   .            (helmet restricted)
rElec   .            l - scarf {+Inv}
rCorr   .            (no gloves)
SInv    .            (no boots)
Will    .....        (no amulet)
Stlth   +            (no ring)
HPRegen 0.27/turn    (no ring)
MPRegen 0.18/turn

%: no passive effects
@: lethally poisoned (0 -> -16)
A: antennae 1, thin skeletal structure 1, magic regeneration, condensation
shield
a: Evoke Invisibility


You were on level 4 of the Dungeon.
You visited 1 branch of the dungeon, and saw 4 of its levels.

You collected 64 gold pieces.

Inventory:

Hand Weapons
 a - a +0 war axe (weapon)
Missiles
 e - 9 stones (quivered)
Armour
 b - a +0 scale mail (worn)
 c - a +0 buckler (worn)
 j - a +0 cloak
 l - a scarf of invisibility (worn)
Jewellery
 g - a ring of wizardry
 n - a ring of wizardry
Wands
 p - a wand of flame (21)
Scrolls
 f - a scroll of vulnerability {unknown}
 h - a scroll of blinking
 i - a scroll of teleportation {unknown}
 m - a scroll of identify {unknown}
Potions
 d - a potion of might
 k - a potion of magic {unknown}
 o - a potion of attraction {unknown}


   Skills:
 + Level 3.6 Fighting
 + Level 3.1 Axes
 + Level 0.1 Throwing
 + Level 3.4 Armour
 + Level 0.6 Dodging
 + Level 3.2 Shields


You had 4 spell levels left.
You didn't know any spells.
Your spell library was empty.

Dungeon Overview and Level Annotations

Branches:
Dungeon (4/15)
 Temple: D:4-7

Altars:

Annotations:
D:4 1 runed translucent door, Blork the orc; firemarshallily's ghost, amateur DsNe


Innate Abilities, Weirdness & Mutations

You have a pair of small antennae on your head.
You have a somewhat thin skeletal structure. (Dex +2, Stealth+)
You regenerate magic rapidly.
A meltable shield of frost defends you. (SH +0)


Message History

The giant cockroach attacks as you move away!
The giant cockroach bites you but does no damage.
The hound attacks as you move away! The hound bites you but does no damage.
The howler monkey hoots and howls with incredible vigour!
You hear a shout! x2
The water moccasin attacks as you move away!
The water moccasin bites you.
The giant cockroach attacks as you move away!
The giant cockroach barely misses you. The hound attacks as you move away!
You block the hound's attack. You block the water moccasin's attack.
The hound barely misses you. The adder bites you but does no damage.
The water moccasin attacks as you move away!
The water moccasin bites you but does no damage.
The adder attacks as you move away! The adder bites you but does no damage.
A giant cockroach comes into view.
Found a stone staircase leading down.
Blork the orc screams, "I'm much stronger than you!"
The howler monkey hoots and howls with incredible vigour!
The hound bites you but does no damage.
The water moccasin attacks as you move away!
The water moccasin bites you.
You are poisoned.
The water moccasin poisons you!
You feel very sick.
Blork the orc looks satisfied for a moment.
The water moccasin bites you.
* * * LOW HITPOINT WARNING * * *
You feel very sick.
The howler monkey hoots and howls with incredible vigour!
The hound bites you.
* * * LOW HITPOINT WARNING * * *
You hear a shout!
The hound attacks as you move away! The hound closely misses you.
* * * LOW HITPOINT WARNING * * *
You feel very sick.
The kobold throws a poisoned dart.
The poisoned dart hits you!
You are more poisoned.
The water moccasin attacks as you move away!
The water moccasin closely misses you.
You die...

... .### .......
..... .......#
.....J###........##
.......<...........
.........K..h.....
.............###.# .
.....###.B..###..#
... ..... ##B##...@#
#..> ..K.
#..K.S.###.... ...
#....h.#{..# ...
...#.SS.....# ..
###.o##.## ## ..
#...h..## ..## .....
#...gg..###..##......
###g......#..........
##..K.w.............


You could see Blork the orc (fast), a water moccasin, a hound, an adder, a
hobgoblin, a ball python and a kobold.

Vanquished Creatures
  2 orc wizards
  4 adders (D:3)
  A worm (D:2)
  A dart slug (D:1)
  2 orcs
  5 bats (D:1)
  3 endoplasms
  2 giant cockroaches
  5 hobgoblins
  A quokka (D:1)
  4 ball pythons
  A frilled lizard (D:3)
  3 goblins
  2 kobolds
  6 rats
42 creatures vanquished.

Vanquished Creatures (others)
  An orc wizard (D:3)
1 creature vanquished.

Grand Total: 43 creatures vanquished

Notes
Turn   | Place    | Note
-------+----------+-------------------------------------------
     0 | D:1      | jlumianski the Demonspawn Fighter began the quest for the
                  | Orb.
     0 | D:1      | Reached XP level 1. HP: 18/18 MP: 1/1
   340 | D:1      | Gained mutation: A meltable shield of frost defends you.
                  | (SH +0) [demonic ancestry]
   340 | D:1      | Reached XP level 2. HP: 24/24 MP: 2/2
   897 | D:4      | Noticed a howler monkey
   965 | D:2      | Gained mutation: You have a somewhat thin skeletal
                  | structure. (Dex +2, Stealth+) [demonic ancestry]
   965 | D:2      | Reached XP level 3. HP: 25/29 MP: 3/3
  1148 | D:2      | Gained mutation: You have a pair of small antennae on your
                  | head. [demonic ancestry]
  1148 | D:2      | Reached XP level 4. HP: 26/35 MP: 4/4
  1709 | D:3      | Gained mutation: You regenerate magic rapidly. [demonic
                  | ancestry]
  1709 | D:3      | Reached XP level 5. HP: 36/42 MP: 5/5
  1751 | D:4      | Found a runed translucent door.
  1751 | D:4      | Noticed a steam dragon
  1751 | D:4      | Noticed firemarshallily's ghost (amateur DsNe)
  1759 | D:4      | Noticed Blork the orc
  1780 | D:4      | Noticed a water moccasin
  1794 | D:4      | Succumbed to a kobold's poison

Illustrated notes

Levels and vault maps discovered:
D:1:      ebering_trefoil_twist, layout_basic
D:2:      layout_loops_corners, kennysheep_generic_room_11
D:3:      layout_loops_corners, gup_sewer_entry_glass,
          nicolae_elevator_lobby_asterisk
D:4:      layout_cave_pools, mainiacjoe_overflow_24_doors,
          ebering_ghost_inner_flame, enter_ossuary_5, uniq_blork_the_orc

Skill      XL: |  1  2  3  4 |
---------------+-------------+-----
Armour         | 3 |  3.4
Axes           | 2 3 |  3.1
Shields        | 3 |  3.2
Fighting       | |  3.6
Throwing       | |  0.1
Dodging        | |  0.6

Action                     |  1- 3 |  4- 6 || total
---------------------------+-------+-------++-------
  Melee: War axe           |    79 |    56 ||   135
  Throw: Stone             |     3 |       ||     3
    Use: Scroll            |     1 |       ||     1
 Armour: Scale mail        |    38 |    32 ||    70
  Dodge: Dodged            |    38 |    31 ||    69
  Block: Buckler           |    30 |    34 ||    64
